 Dungeon Crawl Stone Soup version 0.24.1-5-g77f818bfca (webtiles) character file.

Game seed: 16179365490325512066, levelgen mode: deterministic

98 MajorAdolf the Skirmisher (level 4, 0/46 HPs)
             Began as a Naga Wanderer on Apr 23, 2020.
             Slain by a quokka (2 damage)
             ... on level 3 of the Dungeon.
             The game lasted 00:03:30 (2568 turns).

MajorAdolf the Skirmisher (Naga Wanderer)           Turns: 2568, Time: 00:03:31

Health: 0/46       AC:  6    Str: 14    XL:     4   Next: 71%
Magic:  4/4        EV:  7    Int: 11    God:
Gold:   84         SH:  0    Dex: 13    Spells: 3/3 levels left

rFire    . . .     SeeInvis +   a - +0 dagger
rCold    . . .     Gourm    .   (no shield)
rNeg     . . .     Faith    .   d - +2 scale mail
rPois    +         Spirit   .   (no helmet)
rElec    .         Reflect  .   (no cloak)
rCorr    .         Harm     .   (no gloves)
MR       .....                  (no barding)
Stlth    +.........             (no amulet)
HPRegen  0.15/turn              (no ring)
MPRegen  0.09/turn              (no ring)

@: short of breath, very slow
A: large, see invisible, deformed body, poison resistance, slowness 2, slow
metabolism 1, spit poison 1, AC +1
a: Spit Poison


You were on level 3 of the Dungeon.
You were not hungry.

You visited 1 branch of the dungeon, and saw 3 of its levels.

You collected 84 gold pieces.

Inventory:

Hand Weapons
 a - a +0 dagger (weapon)
Armour
 d - a +2 scale mail (worn)
Jewellery
 i - an uncursed ring of magical power {unknown}
Scrolls
 k - a scroll of random uselessness {unknown}
 l - a scroll of enchant weapon {unknown}
 m - a scroll of immolation {unknown}
 n - a scroll of teleportation {unknown}
 p - a scroll of enchant armour {unknown}
 r - a scroll of noise {unknown}
Potions
 e - a potion of magic {unknown}
 g - a potion of resistance
 q - 2 potions of berserk rage {unknown}
Comestibles
 f - 5 rations
 o - 2 chunks of flesh


   Skills:
 + Level 5.3 Fighting
   Level 1.0 Maces & Flails
 - Level 2.4 Armour
 - Level 4.4 Stealth


You had 3 spell levels left.
You didn't know any spells.
Your spell library was empty.

Dungeon Overview and Level Annotations

Branches:
Dungeon (3/15)

Altars:
Trog
Uskayaw

Annotations:
D:3 3 runed translucent doors, krystol's ghost, amateur GrBe


Innate Abilities, Weirdness & Mutations

You cannot wear boots.
Your serpentine skin is tough. (AC +1)
You have supernaturally acute eyesight. (SInv)
Armour fits poorly on your strangely shaped body.
Your system is resistant to poisons. (rPois)
You cover ground very slowly.
You have a slow metabolism.
You can spit poison.


Message History

The quokka is moderately wounded.
You feel slightly more hungry. The quokka bites you.
* * * LOW HITPOINT WARNING * * *
Unknown command.
The quokka bites you.
* * * LOW HITPOINT WARNING * * *
You can't do that yet.
Firing (i - inventory) No suitable missiles.
Press: ? - help, Shift-Dir - straight line, f/p - quokka
Aim: a quokka (lightly wounded)
Okay, then.
You have got your breath back.
The quokka bites you but does no damage.
Press: ? - help, Shift-Dir - straight line, f/p - quokka
Aim: a quokka The splash of poison hits the quokka but does no damage.
The quokka is poisoned.
You feel slightly more hungry. The quokka closely misses you.
The quokka bites you.
You die...

******##* *,,,,,..# **,***#.# *,*
#.# ### *,* #.# #.. *,* #.#
######### #.. *,*
#.###########.......####.. #.#
#>......r@..'.......'..... #.#
#.###########.......##.... #.#
#†# #.......##.... #.# #.#
#.......##.... #.# #.#
#############+ ###.##
#†########************#8W.
#....###.........,,,,,,,,,,,,#..(
#....÷...........,,,,********#...
..####.###....(..,,,,****** #((.


You could see a quokka.

Vanquished Creatures
  4 adders
  A river rat (D:3)
  3 worms (D:2)
  4 leopard geckos
  A ball python (D:2)
  6 bats
  6 goblins
  5 hobgoblins
  3 jackals (D:2)
  4 kobolds
  3 frilled lizards
  A rat (D:3)
41 creatures vanquished.

Notes
Turn   | Place    | Note
-------+----------+-------------------------------------------
     0 | D:1      | MajorAdolf the Naga Wanderer began the quest for the Orb.
     0 | D:1      | MajorAdolf set off with the following items: a +0 dagger, a
                  | potion of curing, a potion of lignification, a +2 scale
                  | mail, a ration
     0 | D:1      | Reached XP level 1. HP: 21/21 MP: 1/1
   138 | D:1      | Reached XP level 2. HP: 27/28 MP: 2/2
  1186 | D:2      | Noticed a +0 hand axe
  1188 | D:2      | Noticed a +0 dagger
  1247 | D:2      | Found a hide-covered altar of Uskayaw.
  1256 | D:2      | Reached skill level 4 in Fighting
  1371 | D:2      | Reached XP level 3. HP: 31/36 MP: 3/3
  1981 | D:2      | Reached XP level 4. HP: 45/45 MP: 4/4
  2219 | D:2      | Found a bloodstained altar of Trog.
  2283 | D:2      | Reached skill level 5 in Fighting
  2433 | D:3      | Found a runed translucent gate.
  2433 | D:3      | Found a runed translucent gate.
  2433 | D:3      | Found a runed translucent gate.
  2434 | D:3      | Noticed krystol's ghost (amateur GrBe)
  2550 | D:3      | HP: 2/46 [leopard gecko (1)]
  2564 | D:3      | HP: 2/46 [quokka (2)]
  2568 | D:3      | Slain by a quokka

Levels and vault maps discovered:
D:1:      minmay_arrival_jagged, layout_basic, serial_forest,
          infiniplex_forest_straight_2, infiniplex_forest_clump_cross,
          infiniplex_forest_pool, infiniplex_forest_end_1,
          infiniplex_forest_lined_2, infiniplex_forest_end_2,
          minmay_misc_feat_doors, minivault_26, chequers_serial_rivers_micro_c,
          serial_park_tiny_1
D:2:      layout_rooms, dancing_weapons_uskayaw, lightli_temple_of_fire
D:3:      layout_basic, ebering_ghost_rock_garden, gup_sewer_entry_bowl,
          hangedman_decor_points

Skill      XL: |  1  2  3  4 |
---------------+-------------+-----
Fighting       | 4 5 |  5.3
Maces & Flails | |  1.0
Armour         | |  2.4
Stealth        | |  4.4

Action                   |  1- 3 |  4- 6 || total
-------------------------+-------+-------++-------
Melee: Dagger            |   153 |    96 ||   249
 Abil: Spit Poison       |    11 |    10 ||    21
  Use: Scroll            |       |     3 ||     3
       Potion            |       |     2 ||     2
 Stab: Sleeping          |     1 |       ||     1
  Eat: Chunk             |     3 |     2 ||     5
Armor: Scale mail        |    84 |    45 ||   129
       Skin              |       |    27 ||    27
Dodge: Dodged            |    64 |    26 ||    90
